 Dungeon Crawl Stone Soup version 0.29-a0-802-g34511f41fd (webtiles) character file.

Game seed: 13612593458033626158

270 Mega64 the Ruffian (level 6, -1/61 HPs)
             Began as a Troll Abyssal Knight on July 3, 2022.
             Was a Priest of Lugonu.
             Slain by an orc wizard
             ... wielding a +2 dagger of venom
              (2 damage)
             ... on level 4 of the Dungeon.
             The game lasted 00:26:54 (2378 turns).

Mega64 the Ruffian (Troll Abyssal Knight)           Turns: 2378, Time: 00:26:54

Health: -1/61      AC:  5    Str: 22 (24) XL:     6   Next: 1%
Magic:  0/6        EV: 10    Int:  3 (6)  God:    Lugonu [***...]
Gold:   111        SH:  0    Dex:  9 (10) Spells: 5/5 levels left

rFire   + . .      SeeInvis .     - Unarmed
rCold   . . .      Faith    .   (no shield)
rNeg    . . .      Spirit   +   a - +1 robe
rPois   .          Reflect  .   (helmet restricted)
rElec   .          Harm     .   (no cloak)
rCorr   .          Rampage  .   (gloves unavailable)
Will    .....                   (boots unavailable)
Stlth   +.........              k - amulet of guardian spirit
HPRegen 1.00/turn               (no ring)
MPRegen 0.10/turn               (no ring)

@: confused, lethally poisoned (-1 -> -1), on berserk cooldown
A: large, unfitting armour, claws 3, regeneration 1, shaggy fur 1, tough skin 1,
hooves 1, fire resistance 1
a: Renounce Religion, Depart the Abyss, Bend Space, Banish


You were on level 4 of the Dungeon.
You worshipped Lugonu.
Lugonu was most pleased with you.
You visited 1 branch of the dungeon, and saw 4 of its levels.
You visited the Abyss 1 time.

You collected 111 gold pieces.

Inventory:

Hand Weapons
 e - a +0 sling
Missiles
 d - 8 stones
 o - 5 poisoned darts
Armour
 a - a +1 robe (worn)
Jewellery
 k - an amulet of guardian spirit (around neck)
Wands
 i - a wand of quicksilver (6)
 p - a wand of charming (10)
Scrolls
 n - a scroll of torment
 q - 3 scrolls of identify
Potions
 c - 3 potions of flight
 j - 2 potions of mutation


   Skills:
 + Level 3.2 Fighting
 + Level 3.5 Dodging
 - Level 4.0 Unarmed Combat
 + Level 2.3 Invocations


You had 5 spell levels left.
You didn't know any spells.
Your spell library was empty.

Dungeon Overview and Level Annotations

Branches:
Dungeon (4/15)
 Temple: D:4-7

Altars:
Makhleb

Shops:
D:1 (


Innate Abilities, Weirdness & Mutations

You are too large for most types of armour.
You have claws for hands.
Your natural rate of healing is unusually fast.
You are covered in fur. (AC +1)
You have tough skin. (AC +1)
You have large cloven feet.
Your flesh is heat resistant. (rF+)


Message History

You claw the gnoll bouda!
You kill the gnoll bouda!
Lugonu accepts your kill.
You feel sick.
You have reached level 6!
You feel stronger.
It was a potion of attraction.
You feel attractive to monsters.
You feel sick. Something hits you but does no damage.
You are more poisoned.
Deactivating autopickup; reactivate with Ctrl-A.
It was a potion of cancellation.
Your magical effects are unravelling.
You feel magically purged.
You feel yourself speed up.
You feel yourself slow down.
You feel a little less mighty now.
You feel very sick. Something hits you.
* * * LOW HITPOINT WARNING * * *
You are more poisoned.
You feel less attractive to monsters.
You feel very sick.
You hear some strange, mumbled words.
Something tries to affect you, but you resist.
You feel very sick.
You hear some strange, mumbled words.
You are confused.
You bump into the rock wall.
You feel very sick.
You bump into the rock wall.
You feel sick.
You hear some strange, mumbled words.
A puff of flame appears from out of thin air!
The puff of flame hits you. You resist.
* * * LOW HITPOINT WARNING * * *
You bump into the rock wall.
* * * LOW HITPOINT WARNING * * *
You feel sick.
You feel sick.
The gnoll is no longer moving quickly.
Something hits you.
You die...

### ##.#### ..# #.# #.# ##+##
#.# ##...## # ####.#
##.....## #.
##.##.###.......##
..##..######...#.##..†......#
.....ggggg......#...........+
.#.#..######@..###..........#
.... ##...#.##.......## ....
##.#.####.....## ##. #.###
##...## # #.# ##+##
#.########.# #..........#
#..######..## #..# ##...####


You could see 5 gnolls.

Vanquished Creatures
  A necrophage (D:4)
  A gnoll bouda (D:4)
  An iguana (D:4)
  2 orc wizards (D:4)
  2 adders
  2 worms
  2 dart slugs
  6 orcs (D:4)
  8 bats
  9 endoplasms
  4 giant cockroaches
  5 goblins
  7 hobgoblins
  2 jackals (D:1)
  6 kobolds
  2 quokkas (D:1)
  8 ball pythons
  5 frilled lizards
  4 rats
77 creatures vanquished.

Notes
Turn   | Place    | Note
-------+----------+-------------------------------------------
     0 | Abyss:1  | Mega64 the Troll Abyssal Knight began the quest for the
                  | Orb.
     0 | Abyss:1  | Reached XP level 1. HP: 22/22 MP: 1/1
     5 | Abyss:1  | Found a corrupted altar of Lugonu.
    10 | D:1      | Escaped the Abyss
   118 | D:1      | Reached ** piety under Lugonu
   140 | D:1      | Reached XP level 2. HP: 29/29 MP: 2/2
   196 | D:1      | Found Dezingug's Weapon Shoppe.
   367 | D:1      | Found a faded altar of an unknown god.
   540 | D:1      | Reached XP level 3. HP: 37/37 MP: 3/3
  1109 | D:2      | Found a burning altar of Makhleb.
  1628 | D:3      | Reached XP level 4. HP: 45/45 MP: 4/4
  1732 | D:3      | Reached skill level 3 in Unarmed Combat
  1949 | D:3      | You fall into a shaft and drop 1 floor!
  2000 | D:4      | Reached *** piety under Lugonu
  2205 | D:4      | Noticed a necrophage
  2213 | D:4      | Killed a necrophage
  2214 | D:4      | Reached XP level 5. HP: 52/53 MP: 3/5
  2263 | D:4      | Reached skill level 4 in Unarmed Combat
  2365 | D:4      | Gained mutation: Your flesh is heat resistant. (rF+)
                  | [potion of mutation]
  2365 | D:4      | Gained mutation: You have large cloven feet. [potion of
                  | mutation]
  2370 | D:4      | Reached XP level 6. HP: 20/61 MP: 3/6
  2375 | D:4      | HP: 2/61 [something/puff of flame (4)]
  2378 | D:4      | Slain by an orc wizard

Illustrated notes

Levels and vault maps discovered:
D:1:      lightli_arrival_quake, layout_basic, chequers_ecumenical_altar_simple,
          serial_shops, nicolae_shop_bloodbath_and_beyond,
          kennysheep_pointless_box, minmay_quantized
D:2:      layout_loops_ring, basic_altar, chequers_garden
D:3:      layout_rooms
D:4:      layout_loops_corners

Skill      XL: |  1  2  3  4  5 |
---------------+----------------+-----
Dodging        | 2 3 |  3.5
Fighting       | 3 |  3.2
Unarmed Combat | 3 4 |  4.0
Invocations    | 2 |  2.3

Action                   |  1- 3 |  4- 6 || total
-------------------------+-------+-------++-------
Melee: Unarmed           |   126 |    87 ||   213
       Punch             |     3 |     1 ||     4
       Kick              |       |     1 ||     1
Throw: Stone             |     6 |       ||     6
Invok: Depart the Abyss  |     1 |       ||     1
       Bend Space        |       |     1 ||     1
  Use: Scroll            |     6 |     1 ||     7
       Potion            |     2 |     7 ||     9
 Stab: Sleeping          |     3 |       ||     3
       Invisible         |     1 |       ||     1
Armor: Robe              |    42 |    20 ||    62
Dodge: Dodged            |    50 |    25 ||    75

Table legend: (Time is in decaauts)
 A = Elapsed time spent in this place.
 B = Non-inter-level travel time spent in this place.
 C = Inter-level travel time spent in this place.
 D = Time resting spent in this place.
 E = Time spent auto-exploring this place.
 F = Levels seen in this place.
 G = Mean time per level.
                   A        B        C        D        E       F      G
               +--------+--------+--------+--------+--------+-----+--------+
         Total |   2342 |   2250 |     92 |      0 |   1682 |   5 |  468.4 |
       Dungeon |   2332 |   2240 |     92 |      0 |   1677 |   4 |  583.0 |
         Abyss |     10 |     10 |      0 |      0 |      5 |   1 |   10.0 |
               +--------+--------+--------+--------+--------+-----+--------+

Top non-repeatable levels by time:
     D:1: 893 daAuts
     D:2: 605 daAuts
     D:4: 418 daAuts
     D:3: 415 daAuts
 Abyss:1: 10 daAuts
